[ AOE2 MATCH · #505305991 ]
UnrankedJapanese vs Bengalis
Player's team · WIN
Rival team · LOSS
[ REPLAY ANALYSIS · EXTRACTED FROM THE RECORDED GAME ]
Feudal
8:26
Castle
26:32
Imperial
—
| APM avg | 77.1 |
| APM peak | 108 |
| eAPM avg | 30.5 |
| Villagers / military | 99 / 97 |
Focus
⚔️ 46.4% · 🌾 53.6%
Cavalry Archer ×47 · Skirmisher ×22 · Knight ×8 · Spearman ×8 · Militia ×5 · Mangonel ×4
Feudal
8:55
Castle
26:08
Imperial
—
| APM avg | 77.6 |
| APM peak | 109 |
| eAPM avg | 30.1 |
| Villagers / military | 71 / 108 |
Focus
⚔️ 45.6% · 🌾 54.4%
Skirmisher ×50 · Archer ×40 · Scout Cavalry ×14 · Ratha (Ranged) ×2 · Monk ×1 · Spearman ×1
Match map
Initial resources + every placement click. Lines = walls · curves = elevation contours. ◆ gold · ⬟ stone · ● berries · ✦ relic · ◌ wall gap
Your base· ✓ Closed at 26:32 · 10t walls · 4 gate(s)
DK | Good_luck's base· Open — 8t gap
Smoothed initial terrain · ◌ = detected wall gap · hover for details
Inputs per minute
— CNZS_Donghaidi - - DK | Good_luck
Build order — CNZS_Donghaidi
First 150 of 327 actions detected
| 0:00 | Create | Villager (Male) |
| 0:01 | Create | Villager (Male) |
| 0:01 | Create | Villager (Male) |
| 0:01 | Create | Villager (Male) |
| 0:02 | Build | House |
| 0:03 | Build | House |
| 1:23 | Create | Villager (Male) |
| 1:46 | Build | Lumber Camp |
| 1:53 | Create | Villager (Male) |
| 1:54 | Create | Villager (Male) |
| 2:20 | Create | Villager (Male) |
| 2:20 | Create | Villager (Male) |
| 2:35 | Create | Villager (Male) |
| 2:35 | Create | Villager (Male) |
| 2:59 | Create | Villager (Male) |
| 3:20 | Create | Villager (Male) |
| 3:20 | Create | Villager (Male) |
| 4:01 | Create | Villager (Male) |
| 4:04 | Build | House |
| 4:15 | Create | Villager (Male) |
| 4:15 | Create | Villager (Male) |
| 4:48 | Create | Villager (Male) |
| 4:52 | Build | Barracks |
| 5:10 | Create | Villager (Male) |
| 5:10 | Create | Villager (Male) |
| 5:44 | Research | Loom |
| 5:47 | Build | House |
| 6:12 | Research | Feudal Age |
| 6:12 | Research | Feudal Age |
| 6:27 | Create | Militia |
| 6:42 | Build | Mining Camp |
| 6:45 | Create | Militia |
| 7:18 | Create | Militia |
| 7:19 | Create | Militia |
| 7:33 | Create | Villager (Male) |
| 7:56 | Build | House |
| 8:26 | Age | Feudal Age |
| 8:26 | Research | Man-at-Arms (upgrade) |
| 8:35 | Build | Archery Range |
| 8:35 | Create | Villager (Male) |
| 8:58 | Build | Mill |
| 9:11 | Create | Villager (Male) |
| 9:34 | Create | Skirmisher |
| 9:48 | Create | Villager (Male) |
| 9:51 | Build | Farm |
| 9:55 | Build | Farm |
| 9:56 | Build | Farm |
| 10:06 | Create | Skirmisher |
| 10:19 | Create | Villager (Male) |
| 10:30 | Build | House |
| 10:44 | Create | Villager (Male) |
| 11:03 | Create | Villager (Male) |
| 11:09 | Create | Skirmisher |
| 11:11 | Build | House |
| 11:19 | Create | Skirmisher |
| 11:23 | Create | Villager (Male) |
| 11:23 | Create | Villager (Male) |
| 11:52 | Create | Villager (Male) |
| 11:59 | Create | Skirmisher |
| 12:07 | Create | Villager (Male) |
| 12:12 | Build | Blacksmith |
| 12:25 | Create | Skirmisher |
| 12:42 | Create | Villager (Male) |
| 12:48 | Create | Skirmisher |
| 12:55 | Research | Fletching |
| 12:58 | Build | House |
| 13:07 | Create | Villager (Male) |
| 13:08 | Create | Skirmisher |
| 13:11 | Build | Farm |
| 13:12 | Build | Farm |
| 13:16 | Create | Skirmisher |
| 13:31 | Build | House |
| 13:34 | Build | House |
| 13:36 | Create | Villager (Male) |
| 13:40 | Build | Farm |
| 13:48 | Build | House |
| 13:50 | Build | Palisade Wall |
| 13:52 | Create | Villager (Male) |
| 13:55 | Create | Skirmisher |
| 14:11 | Create | Villager (Male) |
| 14:20 | Create | Villager (Male) |
| 14:24 | Create | Militia |
| 14:58 | Create | Villager (Male) |
| 15:01 | Create | Skirmisher |
| 15:10 | Create | Villager (Male) |
| 15:12 | Build | Farm |
| 15:13 | Build | Farm |
| 15:14 | Build | Farm |
| 15:17 | Create | Skirmisher |
| 15:19 | Create | Villager (Male) |
| 15:40 | Create | Villager (Male) |
| 15:49 | Create | Villager (Male) |
| 15:59 | Create | Villager (Male) |
| 16:07 | Build | Farm |
| 16:07 | Build | Farm |
| 16:07 | Build | Farm |
| 16:07 | Build | Farm |
| 16:08 | Build | Farm |
| 16:08 | Build | Farm |
| 16:12 | Create | Spearman |
| 16:25 | Create | Villager (Male) |
| 16:55 | Create | Villager (Male) |
| 16:59 | Build | Market |
| 17:05 | Create | Spearman |
| 17:07 | Create | Spearman |
| 17:18 | Create | Villager (Male) |
| 17:21 | Build | House |
| 17:27 | Research | Scale Mail Armor |
| 17:34 | Research | Double-Bit Axe |
| 17:34 | Research | Double-Bit Axe |
| 17:35 | Create | Villager (Male) |
| 17:48 | Research | Horse Collar |
| 17:48 | Research | Horse Collar |
| 17:56 | Build | House |
| 18:01 | Build | Lumber Camp |
| 18:10 | Create | Villager (Male) |
| 18:13 | Create | Archer |
| 18:16 | Create | Spearman |
| 18:20 | Create | Villager (Male) |
| 18:22 | Build | Lumber Camp |
| 18:31 | Build | House |
| 18:33 | Create | Villager (Male) |
| 18:39 | Create | Villager (Male) |
| 18:44 | Create | Archer |
| 18:48 | Build | House |
| 18:52 | Build | Farm |
| 19:02 | Research | Wheelbarrow |
| 19:30 | Create | Skirmisher |
| 19:35 | Build | House |
| 19:38 | Build | Farm |
| 19:40 | Build | Farm |
| 19:41 | Build | Farm |
| 19:43 | Build | House |
| 19:46 | Build | House |
| 19:49 | Create | Skirmisher |
| 19:50 | Research | Padded Archer Armor |
| 20:02 | Build | Palisade Wall |
| 20:03 | Create | Villager (Male) |
| 20:15 | Build | Lumber Camp |
| 20:26 | Create | Skirmisher |
| 20:37 | Create | Skirmisher |
| 20:45 | Build | Market |
| 20:50 | Create | Villager (Male) |
| 21:06 | Build | Farm |
| 21:07 | Build | Farm |
| 21:11 | Create | Skirmisher |
| 21:12 | Create | Villager (Male) |
| 21:35 | Create | Skirmisher |
| 21:38 | Build | Market |
| 21:42 | Create | Villager (Male) |
Build order — DK | Good_luck
First 150 of 295 actions detected
| 0:00 | Create | Villager (Male) |
| 0:01 | Build | House |
| 0:02 | Build | House |
| 0:07 | Create | Villager (Male) |
| 0:10 | Create | Villager (Male) |
| 0:13 | Create | Villager (Male) |
| 0:14 | Create | Villager (Male) |
| 1:17 | Create | Villager (Male) |
| 1:17 | Create | Villager (Male) |
| 2:05 | Build | Lumber Camp |
| 2:08 | Create | Villager (Male) |
| 2:10 | Create | Villager (Male) |
| 2:10 | Create | Villager (Male) |
| 2:29 | Create | Villager (Male) |
| 2:29 | Create | Villager (Male) |
| 2:50 | Create | Villager (Male) |
| 2:50 | Create | Villager (Male) |
| 3:23 | Create | Villager (Male) |
| 3:23 | Create | Villager (Male) |
| 3:41 | Create | Villager (Male) |
| 3:55 | Build | House |
| 4:12 | Create | Villager (Male) |
| 4:12 | Create | Villager (Male) |
| 4:14 | Build | House |
| 4:31 | Create | Villager (Male) |
| 4:33 | Create | Villager (Male) |
| 4:41 | Build | Mill |
| 4:43 | Build | House |
| 4:57 | Create | Villager (Male) |
| 4:57 | Create | Villager (Male) |
| 4:59 | Build | Palisade Wall |
| 5:08 | Build | House |
| 5:47 | Research | Loom |
| 6:43 | Research | Feudal Age |
| 7:27 | Create | Villager (Male) |
| 7:34 | Build | Barracks |
| 7:44 | Build | House |
| 8:33 | Build | Palisade Wall |
| 8:34 | Build | Palisade Wall |
| 8:36 | Build | Palisade Wall |
| 8:37 | Create | Villager (Male) |
| 8:55 | Age | Feudal Age |
| 8:58 | Build | Archery Range |
| 8:59 | Build | Palisade Wall |
| 9:00 | Build | Palisade Wall |
| 9:01 | Build | Palisade Wall |
| 9:06 | Build | Palisade Wall |
| 9:10 | Build | Palisade Wall |
| 9:11 | Build | Palisade Wall |
| 9:13 | Build | Palisade Wall |
| 9:14 | Build | Palisade Wall |
| 9:25 | Create | Villager (Male) |
| 9:31 | Create | Villager (Male) |
| 9:40 | Create | Archer |
| 9:45 | Create | Spearman |
| 9:58 | Build | Palisade Wall |
| 10:02 | Build | Palisade Wall |
| 10:06 | Create | Villager (Male) |
| 10:11 | Build | Mining Camp |
| 10:25 | Create | Skirmisher |
| 10:26 | Create | Villager (Male) |
| 10:28 | Research | Double-Bit Axe |
| 10:34 | Build | House |
| 10:52 | Create | Skirmisher |
| 11:06 | Create | Villager (Male) |
| 11:08 | Build | Farm |
| 11:16 | Create | Archer |
| 11:31 | Create | Villager (Male) |
| 11:52 | Create | Archer |
| 11:58 | Create | Villager (Male) |
| 12:03 | Create | Archer |
| 12:09 | Create | Villager (Male) |
| 12:13 | Build | Blacksmith |
| 12:18 | Create | Villager (Male) |
| 12:25 | Create | Archer |
| 12:43 | Build | Stable |
| 12:51 | Build | Farm |
| 13:08 | Create | Villager (Male) |
| 13:19 | Build | Farm |
| 13:24 | Research | Fletching |
| 13:24 | Research | Fletching |
| 13:46 | Create | Archer |
| 13:48 | Build | House |
| 13:51 | Build | Farm |
| 13:53 | Build | Farm |
| 13:58 | Create | Archer |
| 14:16 | Create | Archer |
| 14:25 | Create | Villager (Male) |
| 14:28 | Build | Farm |
| 14:31 | Create | Archer |
| 14:49 | Create | Archer |
| 14:53 | Create | Scout Cavalry |
| 14:57 | Build | Farm |
| 15:05 | Create | Archer |
| 15:13 | Create | Villager (Male) |
| 15:16 | Build | Farm |
| 15:17 | Build | Farm |
| 15:24 | Create | Scout Cavalry |
| 15:41 | Create | Archer |
| 15:53 | Create | Scout Cavalry |
| 16:04 | Create | Archer |
| 16:14 | Create | Villager (Male) |
| 16:14 | Create | Villager (Male) |
| 16:21 | Build | Archery Range |
| 16:41 | Create | Archer |
| 16:42 | Create | Scout Cavalry |
| 16:45 | Build | Farm |
| 16:46 | Create | Villager (Male) |
| 16:46 | Create | Villager (Male) |
| 16:59 | Build | House |
| 17:00 | Build | House |
| 17:08 | Create | Villager (Male) |
| 17:15 | Build | Farm |
| 17:16 | Create | Archer |
| 17:16 | Create | Archer |
| 17:20 | Build | Farm |
| 17:28 | Research | Padded Archer Armor |
| 17:33 | Research | Scale Barding Armor |
| 17:37 | Create | Archer |
| 17:40 | Create | Villager (Male) |
| 17:42 | Build | House |
| 17:50 | Create | Archer |
| 17:50 | Create | Archer |
| 17:55 | Create | Scout Cavalry |
| 18:07 | Create | Archer |
| 18:15 | Build | Farm |
| 18:26 | Create | Scout Cavalry |
| 18:28 | Create | Villager (Male) |
| 18:42 | Create | Archer |
| 18:43 | Create | Archer |
| 18:44 | Create | Scout Cavalry |
| 18:57 | Research | Forging |
| 19:20 | Create | Archer |
| 19:20 | Create | Archer |
| 19:29 | Create | Scout Cavalry |
| 19:32 | Create | Archer |
| 19:32 | Create | Archer |
| 19:36 | Build | Farm |
| 19:37 | Build | Farm |
| 19:44 | Create | Archer |
| 19:44 | Create | Archer |
| 19:49 | Create | Villager (Male) |
| 20:03 | Create | Scout Cavalry |
| 20:06 | Build | House |
| 20:07 | Build | Lumber Camp |
| 20:19 | Create | Archer |
| 20:19 | Create | Archer |
| 20:52 | Create | Villager (Male) |
| 20:58 | Build | Farm |
| 20:58 | Build | Farm |
Match timeline
| 4:52 | CNZS_Donghaidi · first_building Barracks |
| 4:59 | DK | Good_luck · wall_segment Palisade Wall x3 |
| 7:34 | DK | Good_luck · first_building Barracks |
| 8:26 | CNZS_Donghaidi · age_up feudal |
| 8:33 | DK | Good_luck · wall_segment Palisade Wall x1 |
| 8:34 | DK | Good_luck · wall_segment Palisade Wall x1 |
| 8:35 | CNZS_Donghaidi · first_building Archery Range |
| 8:36 | DK | Good_luck · wall_segment Palisade Wall x1 |
| 8:55 | DK | Good_luck · age_up feudal |
| 8:58 | DK | Good_luck · first_building Archery Range |
| 8:59 | DK | Good_luck · wall_segment Palisade Wall x1 |
| 9:00 | DK | Good_luck · wall_segment Palisade Wall x1 |
| 9:01 | DK | Good_luck · wall_segment Palisade Wall x1 |
| 9:06 | DK | Good_luck · wall_segment Palisade Wall x1 |
| 9:10 | DK | Good_luck · wall_segment Palisade Wall x1 |
| 9:11 | DK | Good_luck · wall_segment Palisade Wall x1 |
| 9:13 | DK | Good_luck · wall_segment Palisade Wall x1 |
| 9:14 | DK | Good_luck · wall_segment Palisade Wall x1 |
| 9:58 | DK | Good_luck · wall_segment Palisade Wall x1 |
| 10:02 | DK | Good_luck · wall_segment Palisade Wall x1 |
| 12:43 | DK | Good_luck · first_building Stable |
| 13:50 | CNZS_Donghaidi · wall_segment Palisade Wall x3 |
| 20:02 | CNZS_Donghaidi · wall_segment Palisade Wall x4 |
| 23:27 | DK | Good_luck · first_market_buy 100 food |
| 23:50 | CNZS_Donghaidi · first_market_sell 100 wood |
| 25:45 | CNZS_Donghaidi · wall_segment Palisade Wall x2 |
| 25:46 | CNZS_Donghaidi · wall_segment Palisade Wall x1 |
| 26:08 | DK | Good_luck · age_up castle |
| 26:32 | CNZS_Donghaidi · age_up castle |
| 26:57 | CNZS_Donghaidi · first_building Siege Workshop |
| 27:22 | CNZS_Donghaidi · first_building Stable |
| 29:37 | DK | Good_luck · first_building Monastery |
| 29:46 | DK | Good_luck · wall_segment Palisade Wall x1 |
| 29:58 | DK | Good_luck · first_building Castle |
| 30:42 | DK | Good_luck · first_building Siege Workshop |
| 36:37 | DK | Good_luck · resign |
[ AI ANALYSIS · 1 CREDIT ]
What really happened in this match?
Wolo.gg analyzes every decision: build order, eco, micro, common mistakes by bracket. Personalized analysis on WhatsApp or Discord in 30 seconds.
Civ guide
Japanese
Perfil
DongHaiDi